 Dungeon Crawl Stone Soup version 0.30.0-5-g1a98f26d00 (webtiles) character file.

Game seed: 31701165357912943

88 zlionsfan the Firebug (level 4, 0/25 (33) HPs)
             Began as a Draconian Fire Elementalist on May 10, 2023.
             Slain by Terence
             ... wielding the +7 Throatcutter {drain, coup de grace}
              (5 damage)
             ... on level 2 of the Dungeon.
             The game lasted 00:06:57 (1506 turns).

zlionsfan the Firebug (Draconian Fire Elementalist) Turns: 1506, Time: 00:06:57

HP:   0/25 (33)     AC:  6    Str: 10    XL:     4   Next: 30%
MP:   3/8           EV: 12    Int: 17    God:
Gold: 30            SH:  0    Dex: 12    Spells: 5/8 levels left

rFire   . . .        c - +0 short sword
rCold   . . .        (no shield)
rNeg    . . .        (body armour unavailable)
rPois   .            (helmet restricted)
rElec   .            (no cloak)
rCorr   .            f - +0 pair of gloves
SInv    .            (no boots)
Will    .....        d - amulet of regeneration
Stlth   ++           (no ring)
HPRegen 1.04/turn    (no ring)
MPRegen 0.11/turn

%: no passive effects
@: heavily drained
A: AC +5, unfitting armour, cold-blooded
a: no special abilities


You were on level 2 of the Dungeon.
You visited 1 branch of the dungeon, and saw 2 of its levels.

You collected 30 gold pieces.

Inventory:

Hand Weapons
 c - a +0 short sword (weapon)
Armour
 f - a +0 pair of gloves (worn)
Jewellery
 d - an amulet of regeneration (around neck)
Scrolls
 b - a scroll of teleportation {unknown}
 g - a scroll of fear {unknown}
 h - a scroll of immolation {unknown}
 i - a scroll of poison {unknown}
Potions
 e - 2 potions of mutation {unknown}
 j - a potion of heal wounds {unknown}


   Skills:
 + Level 0.2 Short Blades
 + Level 2.4 Dodging
 + Level 2.2 Stealth
 + Level 2.6 Spellcasting
 + Level 1.1 Conjurations
 + Level 3.9 Fire Magic


You had 5 spell levels left.
You knew the following spells:

 Your Spells              Type           Power      Damage    Failure   Level
a - Foxfire               Conj/Fire      44%        2x1d6     6%          1
b - Scorch                Fire           30%        2d6       5%          2

Your spell library contained the following spells:

 Spells                   Type           Power      Damage    Failure   Level
 Inner Flame              Hex/Fire       9%         N/A       24%         3
 Volatile Blastmotes      Fire/Tloc      18%        2d11      24%         3
 Flame Wave               Conj/Fire      11%        2d6       52%         4


Dungeon Overview and Level Annotations

Branches:
Dungeon (2/15)

Altars:

Annotations:
D:2 Sigmund, Terence


Innate Abilities, Weirdness & Mutations

Your plain brown scales are hard. (AC +5)
You cannot fit into any form of body armour.
You are cold-blooded and may be slowed by cold attacks.


Message History

You conjure some foxfire!
Terence hits you with the +7 Throatcutter {drain, coup de grace}.
You feel drained.
The foxfire hits Terence but does no damage.
Terence is severely wounded.
The foxfire hits Terence but does no damage.
Terence is severely wounded.
Terence hits you with the +7 Throatcutter {drain, coup de grace}!
You feel drained.
You barely miss Terence.
Terence is severely wounded.
Terence barely misses you.
You hit Terence.
Your tail-slap misses Terence.
Terence is severely wounded.
Terence asks, "Do you want it fast or slow?"
Terence barely misses you.
You hit Terence but do no damage.
You tail-slap Terence, but do no damage.
Terence is severely wounded.
Terence hits you with the +7 Throatcutter {drain, coup de grace}.
You feel drained.
* * * LOW HITPOINT WARNING * * *
Magic courses through your body. Terence closely misses you.
Casting: Foxfire (safe; 6% risk of failure)
Confirm with . or Enter, or press ? or * to list all spells.
Flames lash Terence but do no damage.
Terence hits you with the +7 Throatcutter {drain, coup de grace}.
* * * LOW HITPOINT WARNING * * *
You feel drained.
* * * LOW HITPOINT WARNING * * *
Casting: Scorch (safe; 5% risk of failure)
Confirm with . or Enter, or press ? or * to list all spells.
Flames lash Terence.
Terence is almost dead.
Terence's fire resistance burns away.
Terence barely misses you.
Casting: Scorch (safe; 5% risk of failure)
Confirm with . or Enter, or press ? or * to list all spells.
You conjure some foxfire!
Terence hits you with the +7 Throatcutter {drain, coup de grace}.
You die...

##...#
#...#..##......#
###.###
###.###..##.######
#...# #...###..#
##..###.#..†...#
#......#.####.#######
#..####..####........
##.####.###..........
#..##vv......#######
##..$@@....$.#
#####.#####.# #.# #.#
#.# #.# #.# #.# ...
.# ... ... ....:


You could see Terence (combustible, ally target).

Vanquished Creatures
  4 adders (D:2)
  A worm (D:2)
  A dart slug (D:1)
  4 bats
  4 endoplasms
  A giant cockroach (D:1)
  10 goblins
  3 hobgoblins
  5 kobolds
  A quokka (D:1)
  2 ball pythons
  A frilled lizard (D:1)
  6 rats
43 creatures vanquished.

Vanquished Creatures (others)
  88 foxfires
88 creatures vanquished.

Grand Total: 131 creatures vanquished

Notes
Turn   | Place    | Note
-------+----------+-------------------------------------------
     0 | D:1      | zlionsfan the Draconian Fire Elementalist began the quest
                  | for the Orb.
     0 | D:1      | Reached XP level 1. HP: 14/14 MP: 3/3
   113 | D:1      | Reached XP level 2. HP: 20/20 MP: 3/5
   116 | D:1      | Learned a level 2 spell: Scorch
   779 | D:1      | Reached XP level 3. HP: 23/26 MP: 3/6
  1179 | D:2      | Noticed Sigmund
  1352 | D:2      | Reached XP level 4. HP: 33/33 MP: 2/7
  1446 | D:2      | Noticed Terence
  1506 | D:2      | Slain by Terence

Illustrated notes

Levels and vault maps discovered:
D:1:      spicycebolla_green_bress_n_ham, layout_basic
D:2:      layout_rooms, serial_bayou_pond_a, minmay_quantized, uniq_terence,
          uniq_sigmund

Skill      XL: |  1  2 |
---------------+-------+-----
Stealth        | 2 |  2.2
Dodging        | 2 |  2.4
Short Blades   | |  0.2
Spellcasting   | |  2.6
Conjurations   | |  1.1
Fire Magic     | |  3.9

Action                     |  1- 3 |  4- 6 || total
---------------------------+-------+-------++-------
  Melee: Short sword       |    48 |    13 ||    61
         Unarmed           |     3 |       ||     3
         Tailslap          |     2 |     1 ||     3
   Cast: Foxfire           |    40 |    12 ||    52
         Scorch            |       |     4 ||     4
    Use: Potion            |       |     1 ||     1
   Stab: Sleeping          |     2 |       ||     2
 Armour: Skin              |    16 |     4 ||    20
  Dodge: Dodged            |    32 |    18 ||    50
